 Dungeon Crawl Stone Soup version 0.16-a0-3105-gd90c058 (webtiles) character file.

464932 Chiseanne the Bewitcher (level 23, -11/212 (213) HPs)
             Began as a Demonspawn Wanderer on Dec 11, 2014.
             Was the Champion of Okawaru.
             Mangled by a large slime creature (22 damage)
             ... on level 1 of the Depths on Dec 12, 2014.
             The game lasted 06:20:08 (74437 turns).

Chiseanne the Bewitcher (Demonspawn Wanderer)      Turns: 74437, Time: 06:20:09

HP:   -11/212 (213) AC: 44    Str: 14    XL:     23   Next: 14%
MP:   0/38          EV:  7    Int: 24    God:    Okawaru [******]
Gold: 5888          SH: 26    Dex: 17    Spells: 10 memorised, 3 levels left

rFire  + + +     SeeInvis +     a - +11 war axe "Kiagenaso" {flame, +Rage rF+ Str+1 SInv}
rCold  + . .     Clarity  .     U - +2 gold dragon armour
rNeg   + . .     SustAb   .     Z - +4 large shield of Good Intentions {rF++ SInv}
rPois  +         Gourm    +     (helmet unavailable)
rElec  +         Spirit   +     J - +2 cloak {MR+} {god gift}
rCorr  .         Warding  .     X - +2 pair of gloves {Dex+3} {god gift}
rMut   .         Stasis   .     M - +1 pair of boots {Fly}
MR     ++...                    v - amulet of the gourmand
Stlth  ..........               A - +3 ring of slaying
                                w - ring of positive energy

@: lethally poisoned, about to teleport, heroism, flying, very resistant to
hostile enchantments, extremely unstealthy
A: horns 3, iridescent scales 3, agile 1, fire resistance 1, sense surroundings
1, robust 2, electricity resistance, magic shield, magic regeneration, flame
cloud immunity, placid magic 1, MP-powered wands 1
a: Heroism, Finesse, Renounce Religion, Evoke Berserk Rage, Stop Flying
}: 3/15 runes: decaying, silver, gossamer


You were on level 1 of the Depths.
You worshipped Okawaru.
Okawaru was exalted by your worship.
You were full.

You visited 9 branches of the dungeon, and saw 48 of its levels.
You visited the Abyss 1 time.
You also visited: Ossuary and Bailey.

You collected 7184 gold pieces.
You spent 1296 gold pieces at shops.

Inventory:

Hand weapons
 a - the +11 war axe "Kiagenaso" (weapon) {flame, +Rage rF+ Str+1 SInv}
   (You found it on level 2 of the Lair of Beasts)

   It emits flame when wielded, causing extra injury to most foes and up to
   double damage against particularly susceptible opponents.
   Big, fiery blades are also staple armaments of hydra-hunters.
   It affects your strength (+1).
   It protects you from fire.
   It enhances your eyesight.
   It lets you go berserk.
 d - the +8 mithril axe "Arga" {speed, MR+ Str+2}
   (You took it off a tengu reaver on level 5 of the Vaults)

   Attacks with this weapon are significantly faster.
   It affects your strength (+2).
   It affects your resistance to hostile enchantments.
 s - the +5 war axe of Jicham {chop, rC+ rN+ Str+2}
   (You found it on level 3 of the Elven Halls)

   It inflicts extra damage upon your enemies.
   It affects your strength (+2).
   It protects you from cold.
   It protects you from negative energy.
Missiles
 R - 8 steel tomahawks (quivered)
Armour
 p - a fire dragon hide
 J - a +2 cloak of magic resistance (worn) {god gift}
 M - a +1 pair of boots of flying (worn)
 U - a +2 gold dragon armour (worn)
 X - a +2 pair of gloves of dexterity (worn) {god gift}
 Z - the +4 large shield of Good Intentions (worn) {rF++ SInv}
   (You found it on level 3 of the Elven Halls)

   It greatly protects you from fire.
   It enhances your eyesight.
Rods
 j - a +6 rod of ignition (11/11)
   (You found it on level 3 of the Elven Halls)
 x - a +9 rod of ignition (17/17)
   (You took it off an orc warrior in a bailey)
 y - a +3 rod of inaccuracy (16/16)
   (You found it on level 8 of the Dungeon)
Jewellery
 o - the ring of Qyrema Thrud {Dex+2 Slay+2, unknown}
   (You took it off a rakshasa on level 1 of the Depths)

   [ring of slaying]

   It affects your dexterity (+2).
   It affects your accuracy and damage with ranged weapons and melee attacks
   (+2).
 v - an amulet of the gourmand (around neck)
 w - a ring of positive energy (left hand)
 A - a +3 ring of slaying (right hand)
 C - an uncursed ring of poison resistance
Magical devices
 k - a wand of digging (2)
 L - a wand of invisibility (4)
Scrolls
 b - 36 scrolls of identify
 e - 8 scrolls of teleportation
 q - a scroll of brand weapon
 t - 4 scrolls of magic mapping
 u - 4 scrolls of remove curse
 z - 5 scrolls of immolation
 H - 4 scrolls of fog
 I - 3 scrolls of blinking
 Q - 3 scrolls of fear
Potions
 h - a potion of might
 i - 7 potions of ambrosia
 l - 17 potions of curing
 m - 2 potions of invisibility
 n - a potion of berserk rage
 E - a potion of agility
 P - 4 potions of restore abilities
 W - 2 potions of cancellation
Books
 c - a tome of Destruction
Miscellaneous
 f - a disc of storms
 g - 3 phantom mirrors
 r - a sack of spiders
 B - a sack of spiders
 D - a fan of gales
 K - a stone of tremors
 V - a fan of gales
 Y - a phial of floods
Comestibles
 F - a bread ration
 N - 50 fruits


   Skills:
 * Level 14.0(19.0) Fighting
   Level 7.3(12.3) Long Blades
 - Level 13.4(18.4) Axes
 * Level 16.3(21.3) Armour
 - Level 7.0(12.0) Dodging
 - Level 1.0(6.0) Stealth
 * Level 16.0(21.0) Shields
 - Level 11.0 Spellcasting
 - Level 9.5 Conjurations
 - Level 18.0 Hexes
 - Level 0.7 Necromancy
 - Level 8.3 Translocations
 - Level 3.8 Fire Magic
 - Level 7.3 Air Magic
 - Level 10.8 Evocations


You had 3 spell levels left.
You knew the following spells:

 Your Spells              Type           Power        Failure   Level  Hunger
a - Lightning Bolt        Conj/Air       #####.....   100%        5    ####...
b - Apportation           Tloc           #####.....   26%         1    None
c - Inner Flame           Hex/Fire       #####...     30%         3    None
d - Phase Shift           Tloc           #####.....   100%        5    ####...
e - Mass Confusion        Hex            ######....   89%         6    #####..
f - Enslavement           Hex            ######..     4%          4    None
g - Silence               Hex/Air        #####.....   99%         5    ####...
h - Cause Fear            Hex            ######....   4%          4    None
i - Summon Guardian Gole  Hex/Summ       #####...     100%        4    None
j - Control Undead        Necr           ##........   100%        4    None


Dungeon Overview and Level Annotations

Branches:
Dungeon (15/15)            Temple (1/1) D:4            Lair (8/8) D:9
  Swamp (5/5) Lair:4       Spider (5/5) Lair:4        Slime (0/6) Lair:7
    Orc (4/4) D:11            Elf (3/3) Orc:4        Vaults (5/5) D:13
  Crypt (0/3) Vaults:3     Depths (2/5) D:15

Altars:
Ashenzari
Cheibriados
Dithmenos
Elyvilon
Fedhas
Gozag
Kikubaaqudgha
Makhleb
Nemelex Xobeh
Okawaru
Qazlal
Ru
Sif Muna
Trog
Vehumet
Xom
Yredelemnul
Zin
The Shining One
Beogh
Jiyva

Shops:
D:10 (   Orc:4 =*[(   Elf:1 %   Vaults:2 =

Portals:
Hell: Depths:1
Abyss: Depths:1

Annotations:
D:10 runed door, Erica
D:13 runed door
Elf:2 runed door, exclusion: 5 doors


Innate Abilities, Weirdness & Mutations

You have a pair of large horns on your head.
You are completely covered in iridescent scales (AC +8).
Your flesh is heat resistant.
You are very robust (+20% HP).
When hurt, damage is shared between your health and your magic reserves.
You regenerate magic rapidly.
You are immune to clouds of flame.
You are agile. (Dex +2)
You passively map a small area around you.
You are resistant to electric shocks.
Your spells are a little easier to cast, but a little less powerful.
You expend magic power (6 MP) to slightly strengthen your wands.


Message History

The spriggan air mage gestures at you while chanting.
The bolt of lightning hits you! You resist.
* * * LOW HITPOINT WARNING * * *
You block the stone giant's attack.
Read which item? (? for menu, Esc to quit)
As you read the scroll of teleportation, it crumbles to dust.
You feel strangely unstable.
You feel sick.
The deep troll shaman prays to its god.
The deep troll shaman is healed somewhat.
The large slime creature hits you but does no damage.
You block the spriggan air mage's attack.
You block the stone giant's attack.
You feel sick.
The spriggan air mage waves its arms in wide circles.
The air twists around and violently strikes you in flight!
You slice the large slime creature!! You burn the large slime creature.
You headbutt the large slime creature!
The large slime creature is almost dead.
The large slime creature hits you!!
You die...

### #.# #.# #.# #.#
#.# #.# #.# ###@###
###.#J#.# #...iTs.#
### ##..##..#
###.#########..#...#
#.#(..#.#.#.#....#.#
.#../#....#...)...##
##..#.#(...)..##...#
#.#.#.##...#######.#


You could see an emperor scorpion, a large slime creature, a spriggan air mage
and a deep troll shaman.

Vanquished Creatures
  the Lernaean hydra (Swamp:5)
  Saint Roka (Vaults:1)
  Nikola (Vaults:1)
  A lich (Vaults:3)
  2 tentacled monstrosities (Vaults:5)
  2 titans (Vaults:5)
  A deep elf master archer (Elf:3)
  2 deep elf blademasters (Elf:3)
  2 quicksilver dragons (Vaults:5)
  9 sphinxes
  Rupert (Lair:6)
  Agnes (Elf:1)
  5 tengu reavers (Vaults:5)
  2 tentacled starspawn (Abyss:2)
  6 shadow dragons (Vaults:5)
  An ancient champion (Vaults:3)
  3 thorn hunters
  2 storm dragons
  3 ghost moths (Spider:5)
  Donald (Swamp:4)
  A revenant (Vaults:3)
  2 minotaurs (Depths:1)
  Maud (Lair:5)
  4 fire giants
  3 orc warlords
  4 deep elf sorcerers
  7 frost giants
  Aizul (Swamp:3)
  16 vault wardens
  9 emperor scorpions
  Jorgrun (Vaults:1)
  6 war gargoyles (Vaults:5)
  13 stone giants
  A vampire knight (D:13)
  8 deep elf annihilators
  10 very ugly things
  8 deep elf demonologists (Elf:3)
  3 dire elephants
  14 small abominations
  6 deep elf death magi
  8 ettins
  7 fire dragons
  26 vault guards
  A green death (Abyss:2)
  6 great orbs of eyes
  9 deep elf high priests
  9 yaktaur captains
  8 ironheart preservers
  12 rakshasas
  Nessos (D:12)
  28 hydras
  4 ice dragons
  A ghost crab (Swamp:4)
  12 ogre magi
  14 dancing weapons
  9 centaur warriors
  A death knight (Vaults:3)
  The ghost of Herrn the Cleaver, an experienced FoFi of Cheibriados (D:8)
  A satyr (shapeshifter) (Vaults:5)
  A tengu warrior (D:13)
  4 alligators
  11 death yaks
  2 deep troll shamans
  3 thrashing horrors
  A storm dragon zombie (Vaults:3)
  5 orc high priests (Orc:4)
  A fire crab (Vaults:1)
  A soul eater (Orc:4)
  17 deep elf knights
  A wretched star (Abyss:2)
  An ice devil (Elf:3)
  A sun demon (Orc:4)
  A spatial maelstrom (Abyss:2)
  A death drake (Abyss:2)
  5 hell knights (Depths:1)
  19 deep elf summoners
  2 spriggan druids
  An anubis guard (shapeshifter) (Vaults:3)
  7 unseen horrors
  10 hill giants
  2 shambling mangroves (Swamp:3)
  6 lindwurms
  5 deep trolls
  9 swamp dragons
  A sphinx zombie (Vaults:5)
  10 orc sorcerers
  An orb spider (shapeshifter) (Vaults:2)
  4 necromancers
  5 harpies
  23 wolf spiders
  2 phantasmal warriors (Vaults:5)
  7 cyclopes
  15 ironbrand convokers
  6 griffons
  19 orc knights
  46 ugly things
  15 deep elf conjurers
  5 wizards
  An oklob plant (D:9)
  5 red wasps
  16 orb spiders
  3 cyclopes (shapeshifter)
  2 moths of wrath (Spider:5)
  6 manticores
  23 elephants
  A sixfirhy (Orc:4)
  15 vault sentinels
  A human skeleton (Vaults:3)
  A rust devil (Orc:4)
  3 black mambas
  An orange demon (Abyss:2)
  A spiny frog (shapeshifter) (Vaults:5)
  A worldbinder (Abyss:1)
  7 large abominations
  2 torpor snails
  18 spiny frogs
  A yaktaur zombie (Vaults:3)
  An efreet (D:15)
  A smoke demon (Abyss:2)
  A kobold demonologist (Vaults:3)
  8 starcursed masses
  A tormentor (Abyss:2)
  33 yaktaurs
  A spectral death drake (Swamp:4)
  9 komodo dragons
  A hellwing (Abyss:2)
  5 trolls
  A blink frog (shapeshifter) (D:14)
  15 demonic crawlers
  4 freezing wraiths
  3 giant leeches
  19 deep elf priests
  A blue devil (Vaults:5)
  3 fire drakes
  A polar bear (Lair:5)
  A polar bear (shapeshifter) (D:13)
  3 ancient zymes (Abyss:2)
  15 ravens
  25 jumping spiders
  A tengu conjurer (D:15)
  A boulder beetle (shapeshifter) (Elf:3)
  11 two-headed ogres
  A baby alligator (shapeshifter) (Vaults:4)
  10 boulder beetles
  5 raiju
  29 slime creatures
  3 baby alligators (Swamp:1)
  10 bog bodies
  A two-headed ogre (shapeshifter) (Vaults:5)
  4 hungry ghosts
  A stone giant simulacrum (Vaults:5)
  A tarantella (shapeshifter) (Vaults:1)
  20 blink frogs
  9 spriggans
  4 fire bats
  A wyvern (D:13)
  29 deep elf magi
  3 basilisks
  60 yaks
  A centaur simulacrum (D:13)
  3 shadows
  2 ynoxinuls
  55 redbacks
  4 chaos spawn
  3 wraiths
  A redback (shapeshifter) (Vaults:2)
  21 trapdoor spiders
  A vampire (D:15)
  31 tarantellas
  Grum (D:9)
  A spectral raven (Swamp:4)
  8 wargs
  20 wolves
  44 deep elf fighters
  10 insubstantial wisps (Swamp:1)
  32 vampire mosquitoes
  16 hippogriffs
  Edmund (D:8)
  3 mottled dragons
  36 water moccasins
  A soldier ant (shapeshifter) (Vaults:2)
  A soldier ant (D:10)
  25 swamp worms
  10 porcupines
  24 spiders
  2 hell hounds (D:15)
  11 swamp drakes
  6 ice beasts
  3 necrophages
  69 orc warriors
  5 phantoms
  2 black bears
  14 centaurs
  3 eyes of draining
  A snapping turtle zombie (Abyss:1)
  3 human simulacra
  4 sky beasts
  3 boring beetles
  14 crocodiles
  12 yellow wasps
  54 ogres
  Duvessa (D:5)
  3 big kobolds
  2 brain worms
  19 giant frogs
  A glowing shapeshifter simulacrum (Vaults:3)
  A lost soul (Elf:3)
  3 gnoll sergeants
  An earth elemental (Abyss:2)
  20 scorpions
  A scorpion (shapeshifter) (Vaults:5)
  3 vampire bats (D:15)
  2 troll zombies (D:11)
  2 elf simulacra
  4 jellies
  8 killer bees
  13 wights
  Dowan (D:5)
  9 crimson imps
  10 centaur zombies
  2 goliath beetles
  2 iron imps (Abyss:2)
  6 quasits
  19 hounds
  11 electric eels
  41 orc priests
  4 centaur skeletons
  Crazy Yiuf (D:2)
  A giant frog skeleton (D:6)
  An elf zombie (Vaults:1)
  3 human zombies
  9 iguanas
  46 orc wizards
  14 worker ants
  12 hell rats
  A killer bee zombie (D:10)
  15 sheep
  4 big kobold zombies (Ossuary)
  A hound zombie (D:11)
  4 ogre zombies (D:11)
  6 mummies
  2 hound skeletons
  27 adders
  18 gnolls
  51 river rats
  5 scorpion zombies (Ossuary)
  4 shadow imps
  5 giant mites
  4 white imps
  2 worms (D:2)
  5 ufetubi
  An adder zombie (D:5)
  5 giant geckos
  An ooze (D:5)
  249 orcs
  3 ball pythons
  A bat skeleton (D:7)
  A bat zombie (D:5)
  A giant cockroach (shapeshifter) (Vaults:5)
  9 giant cockroaches
  38 hobgoblins
  15 jackals
  25 bats
  A giant gecko skeleton (D:4)
  6 giant newts
  3 giant spores
  39 goblins
  2 goblin skeletons (D:11)
  A goblin zombie (D:11)
  2 hobgoblin skeletons (D:11)
  3 hobgoblin zombies
  A jackal zombie (D:8)
  25 kobolds
  3 kobold zombies (Ossuary)
  7 orc skeletons
  22 orc zombies
  12 quokkas
  14 rats
  53 ballistomycetes
  6 briar patches (Swamp:5)
  3 bushes
  2 crawling corpses (Vaults:5)
  22 fungi
  12 plants
  2 starspawn tentacles (Abyss:2)
2644 creatures vanquished.

Vanquished Creatures (collateral kills)
  A yaktaur captain (Vaults:3)
  An ironheart preserver (Vaults:3)
  A deep elf summoner (Vaults:3)
  A deep elf fighter (Vaults:3)
4 creatures vanquished.

Vanquished Creatures (others)
  A deep elf master archer (Elf:3)
  A tengu reaver (Vaults:5)
  A vault guard (Vaults:1)
  A deep elf high priest (Vaults:5)
  A yaktaur captain (Vaults:3)
  An ironbrand convoker (Vaults:2)
  An elephant (Lair:8)
  A spiny frog (Lair:8)
  A yaktaur (Vaults:3)
  2 water elementals (Abyss:2)
  A demonic crawler (Spider:5)
  A boulder beetle (Vaults:5)
  A dwarf (shapeshifter) (Vaults:5)
  An earth elemental (Abyss:2)
  3 centaurs (Vaults:3)
  An ogre (Depths:2)
  2 lost souls (Elf:3)
  A scorpion (Ossuary)
  4 giant spores
  10 fungi
  A plant (Lair:8)
  2 starspawn tentacles (Abyss:2)
  2 starspawn tentacle segments (Abyss:2)
41 creatures vanquished.

Grand Total: 2689 creatures vanquished

Notes
Turn   | Place    | Note
--------------------------------------------------------------
     0 | D:1      | Chiseanne, the Demonspawn Wanderer, began the quest for the Orb.
     0 | D:1      | Chiseanne set off with: a +2 falchion, a +0 shortbow, a +0 buckler, a +0 robe, 24 arrows, a bread ration
     0 | D:1      | Reached XP level 1. HP: 22/22 MP: 1/1
   318 | D:1      | Gained mutation: You have a pair of small horns on your head. [demonic ancestry]
   318 | D:1      | Reached XP level 2. HP: 20/28 MP: 2/2
  1331 | D:1      | Gained mutation: When hurt, damage is shared between your health and your magic reserves. [demonic ancestry]
  1331 | D:1      | Reached XP level 3. HP: 35/35 MP: 3/3
  1816 | D:2      | Reached skill level 1 in Dodging
  1818 | D:2      | Reached XP level 4. HP: 39/41 MP: 4/4
  2139 | D:2      | Noticed Crazy Yiuf
  2145 | D:2      | Paralysed by Crazy Yiuf for 2 turns
  2157 | D:2      | Killed Crazy Yiuf
  2654 | D:3      | Noticed a big kobold
  2668 | D:3      | Killed a big kobold
  2668 | D:3      | Reached skill level 7 in Fighting
  2668 | D:3      | Gained mutation: You have a pair of horns on your head. [demonic ancestry]
  2668 | D:3      | Reached XP level 5. HP: 42/48 MP: 5/5
  3702 | D:4      | Gained mutation: You have a pair of large horns on your head. [demonic ancestry]
  3702 | D:4      | Reached XP level 6. HP: 24/55 MP: 1/6
  4199 | D:4      | Found a deep blue altar of Sif Muna.
  4200 | D:4      | Found a shadowy altar of Dithmenos.
  4241 | D:4      | Found a staircase to the Ecumenical Temple.
  4254 | Temple   | Entered the Ecumenical Temple
  4355 | Temple   | Became a worshipper of Warmaster Okawaru
  4583 | D:5      | Entered Level 5 of the Dungeon
  4640 | D:5      | Noticed Duvessa
  4640 | D:5      | Noticed Dowan
  4664 | D:5      | Killed Duvessa
  4664 | D:5      | Gained mutation: You are partially covered in iridescent scales (AC +4). [demonic ancestry]
  4664 | D:5      | Reached XP level 7. HP: 46/60 MP: 7/7
  4689 | D:5      | Killed Dowan
  4789 | D:5      | Found a sand-covered staircase.
  4801 | Ossuary  | Entered an ossuary
  4878 | Ossuary  | Acquired Okawaru's first power
  5535 | Ossuary  | Gained mutation: Your mind is acute. (Int +2) [potion of beneficial mutation]
  5602 | Ossuary  | Reached XP level 8. HP: 66/68 MP: 8/8
  5703 | Ossuary  | Reached skill level 8 in Fighting
  6118 | D:5      | Found a basalt altar of Yredelemnul.
  6375 | D:5      | Reached skill level 5 in Dodging
  6617 | D:5      | Found a burning altar of Makhleb.
  6824 | D:6      | Gained mutation: You passively map a small area around you. [potion of beneficial mutation]
  7065 | D:6      | Found a shimmering altar of Xom.
  8099 | D:6      | Gained mutation: Your flesh is heat resistant. [demonic ancestry]
  8099 | D:6      | Reached XP level 9. HP: 69/75 MP: 9/9
  8188 | D:6      | Found a sacrificial altar of Ru.
  8428 | D:7      | Reached skill level 5 in Shields
  8514 | D:7      | Reached skill level 5 in Armour
  9312 | D:7      | Reached skill level 9 in Fighting
 10320 | D:8      | Noticed Herrn's ghost (experienced FoFi)
 10348 | D:8      | Killed Herrn's ghost
 10511 | D:8      | Gained mutation: You are mostly covered in iridescent scales (AC +6). [demonic ancestry]
 10511 | D:8      | Reached XP level 10. HP: 77/83 MP: 8/10
 10573 | D:8      | Identified a +0 rod of inaccuracy (13/13) (You found it on level 8 of the Dungeon)
 10686 | D:8      | Got a smoking hunting sling
 10687 | D:8      | Identified the +9 hunting sling of Due Proportion {speed, rElec rN+ Dex+1} (You found it on level 8 of the Dungeon)
 10998 | D:8      | Noticed Edmund
 11016 | D:8      | Killed Edmund
 11153 | D:9      | Found a staircase to the Lair.
 11200 | D:9      | Received a gift from Okawaru
 11579 | D:9      | Noticed a hill giant
 11607 | D:9      | Killed a hill giant
 11607 | D:9      | Reached skill level 10 in Fighting
 11908 | D:9      | Found a glowing silver altar of Zin.
 11908 | D:9      | Found an opulent altar of Gozag.
 12365 | D:9      | You fall through a shaft for 3 floors!
 12444 | D:11     | Gained mutation: You regenerate magic rapidly. [demonic ancestry]
 12444 | D:11     | Reached XP level 11. HP: 80/90 MP: 11/11
 12632 | D:11     | Found a staircase to the Orcish Mines.
 12639 | D:11     | Acquired Okawaru's second power
 13042 | D:11     | Noticed a manticore
 13059 | D:11     | Killed a manticore
 13763 | D:11     | Got a polished leather armour
 13783 | D:11     | Identified the cursed -1 leather armour of Lesser Demons {+Rage Int+4} (You found it on level 11 of the Dungeon)
 13787 | D:11     | Learned a level 3 spell: Static Discharge
 14228 | D:11     | Received a gift from Okawaru
 14416 | D:10     | Entered Level 10 of the Dungeon
 14555 | D:10     | Found a flagged portal.
 14578 | Bailey   | Entered a bailey
 14674 | Bailey   | Reached skill level 1 in Air Magic
 14989 | Bailey   | Reached skill level 5 in Long Blades
 15457 | Bailey   | Noticed an orc warlord
 15571 | Bailey   | Killed an orc warlord
 15672 | Bailey   | Gained mutation: You have supernaturally acute eyesight. [potion of beneficial mutation]
 15682 | Bailey   | Reached XP level 12. HP: 96/99 MP: 13/13
 15960 | D:10     | Noticed Erica
 16215 | D:10     | Found Miomu's Antique Weapon Emporium.
 16258 | D:10     | Bought an encrusted blowgun for 225 gold pieces
 16258 | D:10     | Identified the cursed +0 blowgun of Upagiokk {evade, rN+ Str+2} (You bought it in a shop on level 10 of the Dungeon)
 16320 | D:10     | Reached skill level 1 in Spellcasting
 16370 | D:10     | Found a runed door.
 17142 | D:10     | Reached skill level 10 in Shields
 17315 | D:10     | Gained mutation: You are robust (+10% HP). [demonic ancestry]
 17315 | D:10     | Reached XP level 13. HP: 93/114 MP: 15/17
 17934 | D:10     | Found a roughly hewn altar of Beogh.
 18196 | D:9      | Found a blossoming altar of Fedhas.
 18216 | D:9      | Noticed an oklob plant
 18217 | D:9      | Identified a +2 rod of ignition (12/12) (You took it off an orc warrior in a bailey)
 18256 | D:9      | Killed an oklob plant
 18597 | D:9      | Noticed Grum
 18617 | D:9      | Killed Grum
 19077 | Lair:1   | Entered Level 1 of the Lair of Beasts
 21129 | Lair:2   | Reached skill level 11 in Shields
 21708 | Lair:2   | Got an ancient war axe
 21814 | Lair:2   | Identified the +11 war axe "Kiagenaso" {flame, +Rage rF+ Str+1 SInv} (You found it on level 2 of the Lair of Beasts)
 22411 | Lair:3   | Reached skill level 1 in Axes
 22546 | Lair:3   | Found an iron altar of Okawaru.
 22746 | Lair:3   | Received a gift from Okawaru
 23820 | Lair:4   | Reached skill level 5 in Axes
 24193 | Lair:4   | Found a staircase to the Swamp.
 24537 | Lair:4   | Received a gift from Okawaru
 24547 | Lair:4   | Got a smoking war axe {god gift}
 24757 | Lair:4   | Identified the +8 war axe of Conscience {god gift, drain, rF+} (Okawaru gifted it to you on level 4 of the Lair of Beasts)
 24955 | Lair:4   | Found a hole to the Spider Nest.
 24966 | Lair:4   | Reached XP level 14. HP: 115/122 MP: 21/21
 25691 | Lair:5   | Received a gift from Okawaru
 25885 | Lair:5   | Noticed Maud
 25903 | Lair:5   | Killed Maud
 26710 | Lair:6   | Noticed Rupert
 26735 | Lair:6   | Killed Rupert
 26735 | Lair:6   | Reached skill level 10 in Axes
 27403 | Lair:7   | Found a viscous altar of Jiyva.
 27403 | Lair:7   | Found a staircase to the Slime Pits.
 27932 | Lair:7   | Got a bloodstained ring mail
 27957 | Lair:7   | Identified the +4 ring mail of Watchfulness {Slay+3} (You found it on level 7 of the Lair of Beasts)
 28382 | Lair:8   | Entered Level 8 of the Lair of Beasts
 28851 | Lair:8   | Received a gift from Okawaru
 28851 | Lair:8   | Reached skill level 12 in Axes
 28869 | Lair:8   | Got an iridescent war axe {god gift}
 28870 | Lair:8   | Identified the +3 war axe "Fahaa" {god gift, speed, rPois Dex+1} (Okawaru gifted it to you on level 8 of the Lair of Beasts)
 29114 | Lair:8   | Gained mutation: You are immune to clouds of flame. [demonic ancestry]
 29114 | Lair:8   | Reached XP level 15. HP: 96/128 MP: 20/22
 29366 | Lair:8   | Reached skill level 13 in Axes
 29682 | Lair:8   | Received a gift from Okawaru
 30372 | Orc:1    | Entered Level 1 of the Orcish Mines
 31071 | Orc:2    | Found a burning altar of Makhleb.
 31855 | Orc:4    | Entered Level 4 of the Orcish Mines
 32382 | Orc:4    | Found a staircase to the Elven Halls.
 32399 | Orc:4    | Reached skill level 10 in Armour
 33510 | Orc:4    | Found Icouc's Antique Armour Emporium.
 33511 | Orc:4    | Found Juwefie's Antique Weapon Emporium.
 33513 | Orc:4    | Found Yxiuwiz's General Store.
 33513 | Orc:4    | Found Clylaz's Jewellery Shoppe.
 33518 | Orc:4    | Bought a cursed amulet of inaccuracy for 30 gold pieces
 33521 | Orc:4    | Bought 2 scrolls of teleportation for 72 gold pieces
 33521 | Orc:4    | Bought a scroll of enchant armour for 90 gold pieces
 33533 | Orc:4    | Bought a jet-encrusted leather armour for 210 gold pieces
 33544 | Orc:4    | Identified the cursed +1 leather armour of Asepnuke {Str-3} (You bought it in a shop on level 4 of the Orcish Mines)
 33568 | Orc:4    | Bought the ring of Royalty {rF+ Int+2 Dex+4} for 669 gold pieces
 34156 | Lair:1   | Learned a level 5 spell: Lightning Bolt
 34270 | D:12     | Noticed a hill giant
 34277 | D:12     | Killed a hill giant
 34391 | D:12     | Reached skill level 1 in Conjurations
 34413 | D:12     | Noticed Nessos
 34419 | D:12     | Killed Nessos
 35300 | D:13     | Received a gift from Okawaru
 35360 | D:13     | Found a gate to the Vaults.
 35889 | D:13     | Found a runed door.
 36025 | D:13     | Received a gift from Okawaru
 36025 | D:13     | Reached XP level 16. HP: 78/136 MP: 27/27
 36213 | D:13     | Reached skill level 5 in Spellcasting
 36213 | D:13     | Reached skill level 5 in Conjurations
 36937 | D:15     | Entered Level 15 of the Dungeon
 37191 | D:15     | Found a staircase to the Depths.
 38503 | Swamp:1  | Entered Level 1 of the Swamp
 38918 | Swamp:1  | You fall through a shaft!
 39636 | Swamp:1  | Received a gift from Okawaru
 41239 | Swamp:3  | Noticed Aizul
 41250 | Swamp:3  | Killed Aizul
 41522 | Swamp:4  | Noticed Donald
 41526 | Swamp:4  | Killed Donald
 41572 | Swamp:4  | Reached XP level 17. HP: 143/143 MP: 31/31
 41777 | Swamp:4  | Found a blossoming altar of Fedhas.
 42096 | Swamp:4  | Got a translucent chain mail
 42107 | Swamp:4  | Identified the cursed +5 chain mail "Xeklien" {MR++} (You found it on level 4 of the Swamp)
 42329 | Swamp:5  | Entered Level 5 of the Swamp
 42648 | Swamp:5  | Noticed the 27-headed Lernaean hydra
 42677 | Swamp:5  | Killed the 22-headed Lernaean hydra
 42677 | Swamp:5  | Received a gift from Okawaru
 43099 | Swamp:5  | Got a decaying rune of Zot
 43733 | Lair:1   | Learned a level 1 spell: Apportation
 43737 | Lair:1   | Learned a level 3 spell: Inner Flame
 43941 | Spider:1 | Entered Level 1 of the Spider Nest
 43966 | Spider:1 | Reached skill level 1 in Evocations
 44207 | Spider:1 | Received a gift from Okawaru
 44728 | Spider:2 | Got a bronze ring mail
 44745 | Spider:2 | Identified the cursed -2 ring mail of Watchfulness {Str-3 Dex+1} (You found it on level 2 of the Spider Nest)
 44847 | Spider:2 | Reached skill level 5 in Evocations
 45069 | Spider:2 | Received a gift from Okawaru
 45081 | Spider:2 | Got a polished falchion
 45082 | Spider:2 | Identified the cursed +2 falchion of Eticicho {freeze, rElec rPois rC++} (You found it on level 2 of the Spider Nest)
 47422 | Spider:4 | Gained mutation: You are completely covered in iridescent scales (AC +8). [demonic ancestry]
 47422 | Spider:4 | Reached XP level 18. HP: 142/149 MP: 30/33
 47449 | Spider:5 | Entered Level 5 of the Spider Nest
 47867 | Spider:5 | Reached skill level 10 in Evocations
 48530 | Spider:5 | Received a gift from Okawaru
 48569 | Spider:5 | Got a pitted hunting sling {god gift}
 48982 | Spider:5 | Got a gossamer rune of Zot
 49698 | Lair:1   | Identified the +8 hunting sling of the Wraith {god gift, velocity, Int+2} (Okawaru gifted it to you on level 5 of the Spider Nest)
 49860 | Vaults:1 | Entered Level 1 of the Vaults
 49901 | Vaults:1 | Identified a scroll of acquirement
 49904 | Vaults:1 | Got a twisted ring mail
 49915 | Vaults:1 | Identified the +2 ring mail "Toum" {Str-5 Dex-2} (You acquired it on level 1 of the Vaults)
 49936 | Vaults:1 | Reached skill level 1 in Translocations
 50015 | Vaults:1 | Got a jewelled falchion
 50016 | Vaults:1 | Identified the +7 falchion "Luriaski" {flame, rN+ SInv} (You found it on level 1 of the Vaults)
 50075 | Vaults:1 | Noticed Saint Roka
 50087 | Vaults:1 | Killed Saint Roka
 50149 | Vaults:1 | Reached skill level 1 in Hexes
 50256 | Vaults:1 | Noticed Jorgrun
 50275 | Vaults:1 | Received a gift from Okawaru
 50283 | Vaults:1 | Killed Jorgrun
 50434 | Vaults:1 | Noticed Nikola
 50448 | Vaults:1 | Reached skill level 5 in Hexes
 50452 | Vaults:1 | Killed Nikola
 51163 | Vaults:1 | Reached skill level 1 in Fire Magic
 51342 | Vaults:2 | Reached XP level 19. HP: 98/156 MP: 15/34
 52006 | Spider:4 | Got a jewelled ring mail
 52017 | Spider:4 | Identified the cursed -2 ring mail "Aneckaff" {Str+3 Int+5} (You found it on level 4 of the Spider Nest)
 52501 | Lair:1   | Learned a level 6 spell: Mass Confusion
 52556 | Lair:1   | Learned a level 4 spell: Enslavement
 52562 | Lair:1   | Learned a level 5 spell: Silence
 52568 | Lair:1   | Learned a level 5 spell: Phase Shift
 53100 | Vaults:2 | Received a gift from Okawaru
 53491 | Vaults:2 | Found Kudunwid's Jewellery Emporium.
 53788 | Vaults:2 | Reached skill level 10 in Hexes
 53887 | Vaults:2 | Paralysed by a great orb of eyes for 4 turns
 54690 | Vaults:3 | Found a staircase to the Crypt.
 55129 | Vaults:3 | Reached skill level 5 in Translocations
 55329 | Vaults:3 | Received a gift from Okawaru
 55820 | Vaults:3 | Received a gift from Okawaru
 56761 | Vaults:4 | Gained mutation: You are very robust (+20% HP). [demonic ancestry]
 56761 | Vaults:4 | Reached XP level 20. HP: 153/178 MP: 33/35
 58022 | Lair:1   | Learned a level 4 spell: Cause Fear
 58190 | Elf:1    | Entered Level 1 of the Elven Halls
 58284 | Elf:1    | Noticed Agnes
 58294 | Elf:1    | Killed Agnes
 58294 | Elf:1    | Received a gift from Okawaru
 58297 | Elf:1    | Found Viufi's Food Shop.
 58531 | Elf:1    | Identified the Compendium of Calling
 58538 | Elf:1    | Learned a level 4 spell: Summon Guardian Golem
 59447 | Elf:2    | Found a huge runed gate.
 59448 | Elf:2    | Found a huge runed gate.
 59454 | Elf:2    | Found a huge runed gate.
 59454 | Elf:2    | Found a huge runed gate.
 59454 | Elf:2    | Found a huge runed gate.
 59549 | Elf:2    | Received a gift from Okawaru
 59947 | Elf:2    | Reached skill level 14 in Armour
 60585 | Elf:3    | Entered Level 3 of the Elven Halls
 60592 | Elf:3    | Reached skill level 10 in Spellcasting
 61041 | Elf:3    | Received a gift from Okawaru
 61503 | Elf:3    | Got a shimmering war axe
 61506 | Elf:3    | Identified the +5 war axe of Jicham {chop, rC+ rN+ Str+2} (You found it on level 3 of the Elven Halls)
 62389 | Elf:3    | Identified the Volume of Weightlessness
 62404 | Elf:3    | Identified a +4 rod of ignition (10/10) (You found it on level 3 of the Elven Halls)
 62411 | Elf:3    | Identified a +7 rod of the swarm (14/14) (You found it on level 3 of the Elven Halls)
 62422 | Elf:3    | Learned a level 4 spell: Control Undead
 62523 | Elf:3    | Got a pitted large shield
 62534 | Elf:3    | Identified the +4 large shield of Good Intentions {rF++ SInv} (You found it on level 3 of the Elven Halls)
 63657 | Vaults:5 | Entered Level 5 of the Vaults
 63666 | Vaults:5 | Reached XP level 21. HP: 149/187 MP: 28/37
 63667 | Vaults:5 | Received a gift from Okawaru
 63680 | Vaults:4 | HP: 4/188 [stone giant/large rock (16)]
 63713 | Vaults:3 | Gained mutation: Armour fits poorly on your strangely shaped body. [mutagenic glow]
 63748 | Vaults:3 | Lost mutation: You have supernaturally acute eyesight. [mutagenic glow]
 63772 | Vaults:3 | Gained mutation: Your body is slowly deteriorating. [mutagenic glow]
 64159 | Lair:1   | Gained mutation: You expend magic power (6 MP) to slightly strengthen your wands. [potion of mutation]
 64159 | Lair:1   | Gained mutation: Your spells are a little easier to cast, but a little less powerful. [potion of mutation]
 64160 | Lair:1   | Gained mutation: You are resistant to electric shocks. [potion of mutation]
 64160 | Lair:1   | Gained mutation: You are agile. (Dex +2) [potion of mutation]
 64161 | Lair:1   | Gained mutation: Your flesh is very heat resistant. [potion of mutation]
 64163 | Lair:1   | Lost mutation: Your body is slowly deteriorating. [potion of cure mutation]
 64163 | Lair:1   | Lost mutation: Your flesh is very heat resistant. [potion of cure mutation]
 64163 | Lair:1   | Lost mutation: Your mind is acute. (Int +2) [potion of cure mutation]
 64163 | Lair:1   | Lost mutation: Armour fits poorly on your strangely shaped body. [potion of cure mutation]
 64432 | Vaults:5 | Paralysed by a great orb of eyes for 3 turns
 64973 | Vaults:5 | Got a smoking platinum ring
 64980 | Vaults:5 | Identified the ring "Ygy Dyz" {SustAb Str+5 Dex-3} (You took it off a deep elf annihilator on level 5 of the Vaults)
 65182 | Vaults:5 | Reached skill level 15 in Armour
 65244 | Vaults:5 | Got a crude dagger
 66247 | Vaults:5 | Paralysed by a sphinx for 2 turns
 66497 | Vaults:5 | Identified Iskenderun's Guide on Vitriolic Confrontation
 66548 | Vaults:5 | Received a gift from Okawaru
 66613 | Vaults:5 | Reached skill level 15 in Shields
 66637 | Vaults:5 | Got a silver rune of Zot
 67294 | Vaults:5 | Paralysed by an orc sorcerer for 3 turns
 67952 | Vaults:5 | Reached XP level 22. HP: 137/202 MP: 31/38
 68281 | Vaults:5 | Got a glittering granite ring
 68301 | Vaults:5 | Identified the ring of Mnejugoq {rC+ MP+9 Slay-2} (You took it off a tengu reaver on level 5 of the Vaults)
 68637 | Vaults:5 | Reached skill level 16 in Armour
 68641 | Vaults:5 | Received a gift from Okawaru
 69248 | Vaults:5 | Identified the cursed +2 dagger of Ascent {pierce, *Tele +Inv MR+ SInv} (You took it off a necromancer on level 5 of the Vaults)
 69777 | Lair:1   | Upgraded the game from 0.16-a0-3074-gc0bb631 to 0.16-a0-3105-gd90c058
 70023 | Depths:1 | Entered Level 1 of the Depths
 70722 | Depths:1 | Found a glowing golden altar of the Shining One.
 71038 | Depths:1 | Reached skill level 15 in Hexes
 71939 | Depths:1 | Reached skill level 17 in Hexes
 71962 | Depths:1 | Got a clouded iron ring
 72025 | Depths:1 | Found a sparkling altar of Nemelex Xobeh.
 72110 | Depths:1 | Cast into the Abyss (an ogre mage)
 72213 | Abyss:1  | Found a corrupted altar of Lugonu.
 72279 | Abyss:1  | Found a corrupted altar of Lugonu.
 72421 | Abyss:2  | Found a corrupted altar of Lugonu.
 72470 | Abyss:2  | Found a corrupted altar of Lugonu.
 72509 | Abyss:2  | Paralysed by accursed screaming for 1 turns
 72580 | Abyss:2  | Was placed under penance by Okawaru
 73445 | Abyss:2  | Reached skill level 18 in Hexes
 73519 | Depths:1 | Escaped the Abyss
 73525 | Depths:1 | Reached XP level 23. HP: 139/211 MP: 35/38
 73701 | Depths:1 | Was forgiven by Okawaru
 73883 | Depths:1 | Found a one-way gate to the infinite horrors of the Abyss.
 74065 | Depths:1 | Found a gateway to Hell.
 74437 | Depths:1 | Mangled by a large slime creature

Action                   |  1- 3 |  4- 6 |  7- 9 | 10-12 | 13-15 | 16-18 | 19-21 | 22-24 || total
-------------------------+-------+-------+-------+-------+-------+-------+-------+-------++-------
Melee: Falchion          |   110 |   182 |   681 |  1179 |   587 |       |       |       ||  2739
       Long sword        |       |       |       |    17 |       |       |       |       ||    17
       War axe           |       |       |       |       |  1272 |  1437 |  1487 |   743 ||  4939
       Broad axe         |       |       |       |       |       |       |   127 |   183 ||   310
 Fire: Blowgun           |       |     5 |       |    28 |       |       |       |       ||    33
Throw: Tomahawk          |       |       |     1 |    18 |     1 |       |     5 |     2 ||    27
       Javelin           |       |       |       |     5 |     2 |       |       |       ||     7
 Cast: Lightning Bolt    |       |       |       |       |       |    43 |       |       ||    43
       Static Discharge  |       |       |       |       |       |     9 |       |       ||     9
       Inner Flame       |       |       |       |       |       |    24 |       |       ||    24
       Apportation       |       |       |       |       |       |     1 |     2 |       ||     3
       Mass Confusion    |       |       |       |       |       |       |    40 |       ||    40
       Enslavement       |       |       |       |       |       |       |     8 |       ||     8
       Phase Shift       |       |       |       |       |       |       |     5 |       ||     5
       Silence           |       |       |       |       |       |       |    15 |       ||    15
       Cause Fear        |       |       |       |       |       |       |     2 |       ||     2
       Summon Guardian G |       |       |       |       |       |       |     1 |       ||     1
Invok: Heroism           |       |       |       |     1 |    11 |     2 |     9 |     4 ||    27
 Abil: Evoke Flight      |       |       |       |       |     1 |       |     1 |       ||     2
Evoke: Wand              |       |     5 |     1 |     3 |    13 |    10 |     9 |     1 ||    42
       Rod               |       |       |       |     5 |    45 |    74 |    36 |     8 ||   168
       Sack of spiders   |       |       |       |       |       |     1 |       |       ||     1
       Stone of tremors  |       |       |       |       |       |       |       |     1 ||     1
       Phial of floods   |       |       |       |       |       |       |       |     1 ||     1
       Disc of storms    |       |       |       |       |       |       |       |     1 ||     1
  Use: Scroll            |     8 |    10 |    11 |    17 |    20 |    19 |    16 |     9 ||   110
       Potion            |       |     4 |     7 |     8 |     9 |     4 |    25 |     4 ||    61
 Stab: Sleeping          |     1 |       |       |       |     1 |     1 |       |       ||     3
       Fleeing           |       |       |       |     1 |       |       |       |       ||     1
       Distracted        |       |       |       |       |       |     2 |     1 |       ||     3
       Confused          |       |       |       |       |       |       |    19 |       ||    19
       Invisible         |       |       |       |       |       |       |     4 |       ||     4
  Eat: Chunk             |     3 |     7 |    13 |    32 |    73 |    90 |    82 |    21 ||   321
       Beef jerky        |       |     1 |       |     1 |       |       |       |       ||     2
       Bread ration      |       |       |     2 |       |       |       |       |       ||     2
       Fruit             |       |       |       |     9 |       |       |       |       ||     9
